 Dungeon Crawl Stone Soup version 0.29-a0-72-g1732ff48e7 (webtiles) character file.

Game seed: 14736763592985196523

21887 Zonian the Djinni Cataclysm (level 13, -5/112 HPs)
             Began as a Djinni Ice Elementalist on Feb 3, 2022.
             Was a High Priest of Qazlal.
             Slain by a death yak (8 damage)
             ... on level 4 of the Lair of Beasts.
             The game lasted 01:00:12 (21880 turns).

Zonian the Djinni Cataclysm (DjIE)                 Turns: 21880, Time: 01:00:13

Health: -5/112     AC: 18    Str:  9    XL:     13   Next: 23%
Gold:   747        EV: 14    Int: 29    God:    Qazlal [*****.] SH:  6 Dex: 15

rFire   + + +      SeeInvis .   E - +5 mace of Imbalance {antimagic, *Rage rF+ rC++ Int+4}
rCold   + . .      Faith    .   (no shield)
rNeg    . . .      Spirit   .   R - +0 steam dragon scales
rPois   ∞          Reflect  .   l - +1 helmet
rElec   .          Harm     .   F - +2 cloak
rCorr   .          Rampage  .   o - +0 pair of gloves
Will    +....      Rage     20% (boots unavailable)
Stlth   ..........              g - amulet of Roed {+Blink rF+ Regen+}
HPRegen 1.08/turn               x - +4 ring of protection
MPRegen 0.00/turn               X - +6 ring of intelligence

@: berserking (expiring), protected from physical damage, flying, repel
missiles, very quick
A: sickness immunity, fire resistance 2, cold vulnerability 1, float, innate
caster, HP casting, extra vitality 1
a: Renounce Religion, Evoke Blink, Upheaval, Elemental Force, Disaster Area


You were on level 4 of the Lair of Beasts.
You worshipped Qazlal.
Qazlal was extremely pleased with you.
You visited 2 branches of the dungeon, and saw 15 of its levels.

You collected 747 gold pieces.

Inventory:

Hand Weapons
 b - a +0 short sword
 k - a +3 vampiric hand axe
 p - a +0 hand crossbow
 q - a +0 scimitar
 r - a +0 war axe
 A - a +3 flail of holy wrath
 B - a +0 short sword
 E - the +5 mace of Imbalance (weapon) {antimagic, *Rage rF+ rC++ Int+4}
   (You found it on level 5 of the Dungeon)

   It reduces the magical energy of the wielder, and disrupts the spells and
   magical abilities of those it strikes.
   Natural abilities and divine invocations are not affected.
   Int:       It affects your intelligence (+4).
   rF:        It protects you from fire.
   rC:        It greatly protects you from cold.
   *Rage:     It berserks you when you make melee attacks (+20% chance).
 G - the +1 dagger "Ammiwnie" {elec, rF+ rN+ Will- Int+3}
   (You took it off an orc on level 4 of the Dungeon)

   It occasionally discharges a powerful burst of electricity upon striking a
   foe.
   Int:       It affects your intelligence (+3).
   rF:        It protects you from fire.
   rN:        It protects you from negative energy.
   Will:      It decreases your willpower.
 M - a +2 vorpal war axe
 Q - a +2 dagger of venom
Missiles
 h - 2 boomerangs of dispersal
 m - 18 poisoned darts
 s - 9 sling bullets
Armour
 a - a +2 robe
 e - a +0 cloak
 l - a +1 helmet (worn)
 o - a +0 pair of gloves (worn)
 F - a +2 cloak (worn)
 K - a +2 robe of willpower
 R - +0 steam dragon scales (worn)
Jewellery
 g - the amulet of Roed (around neck) {+Blink rF+ Regen+}
   (You acquired it on level 3 of the Lair of Beasts)

   [amulet of regeneration]

   rF:        It protects you from fire.
   +Blink:    It lets you blink.
   Regen:     It increases your rate of health regeneration.
 j - an amulet of the acrobat
 u - a ring of fire
 v - a +4 ring of evasion
 x - a +4 ring of protection (left hand)
 y - an amulet of reflection
 z - a ring of protection from fire
 X - a +6 ring of intelligence (right hand)
Wands
 f - a wand of acid (5)
 C - a wand of paralysis (9)
 N - a wand of mindburst (8)
 O - a wand of flame (26)
 T - a wand of iceblast (5)
Scrolls
 d - 2 scrolls of vulnerability
 w - 3 scrolls of teleportation
 I - a scroll of fog
 U - 3 scrolls of holy word
 V - a scroll of magic mapping
 Y - a scroll of blinking
Potions
 c - 2 potions of lignification
 n - a potion of ambrosia
 t - a potion of haste
 D - a potion of cancellation
 J - 2 potions of brilliance
 L - 4 potions of might
 P - a potion of mutation
 S - 2 potions of magic
 Z - a potion of attraction
Miscellaneous
 W - a lightning rod (3/4)


   Skills:
 - Level 2.1(3.7) Axes
 - Level 4.7(5.0) Maces & Flails
 - Level 5.0 Dodging
 - Level 5.0 Stealth
 + Level 11.9 Spellcasting
 + Level 12.2 Invocations


You had 5 spell levels left.
You knew the following spells:

 Your Spells              Type           Power      Damage    Failure   Level
a - Freeze                Ice            100%       1d11      1%          1
b - Frozen Ramparts       Ice            100%       1d12      1%          3
c - Ozocubu's Armour      Ice            72%        N/A       1%          3
d - Hailstorm             Conj/Ice       72%        3d15      1%          4
e - Foxfire               Conj/Fire      100%       2x1d9     1%          1
f - Ensorcelled Hibernat  Hex/Ice        100%       N/A       1%          2
g - Conjure Flame         Conj/Fire      72%        6-21      1%          3
h - Lesser Beckoning      Tloc           72%        N/A       1%          3
i - Summon Forest         Summ/Tloc      36%        N/A       1%          5
j - Iskenderun's Battles  Conj           72%        2d12      1%          5
Your spell library was empty.

Dungeon Overview and Level Annotations

Branches:
Dungeon (10/15)            Temple (0/1) D:5            Lair (5/6) D:10
  Swamp (0/4) Lair:4        Snake (0/4) Lair:2          Orc (0/2) D:9
  Slime: Lair:5-6

Altars:
Cheibriados
Dithmenos
Elyvilon
Fedhas
Gozag
Kikubaaqudgha
Nemelex Xobeh
Qazlal
Sif Muna
Trog
Uskayaw
Wu Jian
Beogh

Shops:
D:5 (   D:9 [

Annotations:
Lair:3 Rupert


Innate Abilities, Weirdness & Mutations

You are immune to sickness and miasma.
You are immune to poison.
Your flesh is very heat resistant. (rF++)
You are vulnerable to cold. (rC-)
You float through the air rather than walking.
You learn spells naturally, not from books.
Your magical power is your life essence.
You have superior vitality. (+4 MHP)


Message History

You kill the blink frog!
Qazlal accepts your kill.
The wall freezes the death yak!
You block the death yak's attack.
The wall freezes the five-headed hydra.
The five-headed hydra bites you but does no damage.
The five-headed hydra bites you!
* * * LOW HITPOINT WARNING * * *
The five-headed hydra bites you but does no damage.
You block the five-headed hydra's attack.
The five-headed hydra bites you but does no damage.
The wall freezes the death yak. x2
The death yak gores you but does no damage.
You sock the five-headed hydra!
The five-headed hydra is almost dead.
The wall freezes the death yak!
The wall freezes the death yak.
The death yak gores you but does no damage.
The death yak is engulfed in blazing flames.
The wall freezes the death yak!
The wall freezes the death yak.
The death yak barely misses you.
You sock the five-headed hydra!
You kill the five-headed hydra!
Qazlal accepts your kill.
The frozen ramparts melt away.
The death yak gores you!!
* * * LOW HITPOINT WARNING * * *
You block the death yak's attack. The blink frog hits you.
* * * LOW HITPOINT WARNING * * *
The blink frog blinks!
You hit the death yak.
The death yak is heavily wounded.
The death yak is engulfed in blazing flames.
The death yak gores you.
* * * LOW HITPOINT WARNING * * *
The death yak closely misses you.
The blink frog blinks!
Unknown command.
You sock the death yak!
The death yak is severely wounded.
The bullfrog closely misses you. The death yak barely misses you.
The death yak is engulfed in blazing flames.
The death yak gores you!
You die...

.##.P..#..##..#
#......#..#...#
##........F...##
#.P.....<§.....#
..P#...#......P#
##..##.######
#[°.#..# ##F###.##
#Y@##..# #Y#YY.##
#YYY○..### ##
#.YY.§..##.#.#.#####
##........)...#.#P#.
#.|....#....#......
#...F...###.#.##.##
.........# #....#.##
##. #..Y###.##
#.......#


You could see 6 death yaks, a yak, a blink frog and a bullfrog.

Vanquished Creatures
  2 hydras (Lair:4)
  A boulder beetle (Lair:2)
  2 death yaks
  A bog body (Lair:4)
  4 black mambas
  Maurice (D:8)
  A torpor snail (Lair:2)
  Maggie (D:9)
  A gargoyle (D:10)
  3 cane toads
  The ghost of Spectrina the Spear-Bearer, a novice MfMo of Qazlal (D:5)
  A rime drake (Lair:2)
  4 komodo dragons
  A troll (D:10)
  Grinder (D:4)
  4 blink frogs (Lair:4)
  7 dream sheep (Lair:5)
  A shadow (D:6)
  2 wyverns
  2 steam dragons (D:8)
  5 basilisks
  18 yaks
  Eustachio (D:6)
  Menkaure (D:6)
  4 nagas (Lair:2)
  A two-headed ogre zombie (D:9)
  Edmund (D:4)
  2 acid dragons
  Duvessa (D:6)
  9 water moccasins
  2 orc warriors (D:10)
  A black bear (Lair:3)
  A hornet zombie (D:7)
  A necrophage (D:4)
  9 wolves
  2 ogres (D:6)
  2 centaurs
  3 kobold brigands
  4 phantoms
  6 bullfrogs
  A gnoll sergeant (D:8)
  A water moccasin skeleton (D:5)
  2 troll zombies (D:9)
  Dowan (D:6)
  14 killer bees
  5 wights (D:7)
  A howler monkey (D:7)
  2 vampire bats (D:5)
  An electric eel (Lair:2)
  3 centaur zombies
  3 hounds
  5 orc priests
  Crazy Yiuf (D:5)
  A gnoll shaman (D:7)
  A bullfrog skeleton (D:6)
  A centaur skeleton (D:6)
  4 iguanas
  9 orc wizards
  5 ogre zombies (D:9)
  2 howler monkey zombies
  An adder (D:6)
  8 gnolls
  An ufetubus (D:6)
  5 worms
  4 dart slugs
  35 orcs
  3 bat skeletons (D:5)
  3 bat zombies (D:5)
  12 endoplasms
  5 giant cockroaches
  7 goblins
  7 hobgoblins
  4 quokkas
  8 ball pythons
  A ball python skeleton (D:3)
  8 bats
  A frilled lizard (D:1)
  2 goblin zombies (D:9)
  A hobgoblin skeleton (D:9)
  A hobgoblin zombie (D:9)
  15 kobolds
  6 orc skeletons (D:9)
  15 orc zombies (D:9)
  6 rats
  A spectral goblin (D:1)
  A butterfly (Lair:3)
  A foxfire (D:4)
340 creatures vanquished.

Vanquished Creatures (others)
  A gnoll (D:8)
  A kobold (D:8)
  135 foxfires
  19 fungi
  29 plants
185 creatures vanquished.

Grand Total: 525 creatures vanquished

Notes
Turn   | Place    | Note
-------+----------+-------------------------------------------
     0 | D:1      | Zonian the Djinni Ice Elementalist began the quest for the
                  | Orb.
     0 | D:1      | Reached XP level 1. HP: 15/15 MP: 0/0
    79 | D:1      | Found a faded altar of an unknown god.
   216 | D:1      | Reached XP level 2. HP: 13/21 MP: 0/0
   539 | D:1      | Prayed at the altar of an unknown god.
   539 | D:1      | Became a worshipper of Qazlal Stormbringer
   539 | D:1      | Reached * piety under Qazlal
  1494 | D:1      | Reached XP level 3. HP: 24/25 MP: 0/0
  1494 | D:1      | Learned a level 1 spell: Foxfire
  2413 | D:2      | Reached ** piety under Qazlal
  2998 | D:2      | Reached XP level 4. HP: 19/31 MP: 0/0
  3821 | D:3      | Reached skill level 1 in Invocations
  4522 | D:3      | Found an ornate altar of the Wu Jian Council.
  4850 | D:3      | Reached XP level 5. HP: 32/35 MP: 0/0
  4850 | D:3      | Learned a level 2 spell: Ensorcelled Hibernation
  5566 | D:4      | Found a blossoming altar of Fedhas.
  5782 | D:4      | Found a sparkling altar of Nemelex Xobeh.
  5805 | D:4      | Noticed a necrophage
  5810 | D:5      | Entered Level 5 of the Dungeon
  5872 | D:5      | Found a staircase to the Ecumenical Temple.
  5971 | D:5      | Noticed Spectrina's ghost (novice MfMo)
  5972 | D:5      | Found a runed translucent gate.
  5972 | D:5      | Found a runed translucent gate.
  5972 | D:5      | Found a runed translucent gate.
  5999 | D:5      | Identified the +1 dagger "Ammiwnie" {elec, rF+ rN+ Will-
                  | Int+3}
  6339 | D:5      | Found Hufev's Weapon Boutique.
  6359 | D:5      | Reached skill level 2 in Invocations
  6359 | D:5      | Reached XP level 6. HP: 40/40 MP: 0/0
  6747 | D:4      | Killed a necrophage
  6748 | D:4      | Reached skill level 1 in Axes
  6939 | D:4      | Noticed Grinder
  6958 | D:4      | Paralysed by Grinder for 3 turns
  6975 | D:4      | Killed Grinder
  6976 | D:4      | Reached XP level 7. HP: 30/45 MP: 0/0
  6976 | D:4      | Learned a level 3 spell: Conjure Flame
  7095 | D:4      | Noticed Edmund
  7113 | D:4      | Killed Edmund
  7114 | D:4      | Reached skill level 3 in Invocations
  7520 | D:5      | Reached *** piety under Qazlal
  7521 | D:5      | Reached XP level 8. HP: 46/50 MP: 0/0
  7798 | D:5      | Reached skill level 5 in Dodging
  7867 | D:5      | Found a runed translucent door.
  7868 | D:5      | Noticed Crazy Yiuf
  7874 | D:5      | Killed Crazy Yiuf
  7878 | D:5      | Identified the +5 mace of Imbalance {antimagic, *Rage rF+
                  | rC++ Int+4}
  8743 | D:5      | Killed Spectrina's ghost
  8744 | D:5      | Reached skill level 5 in Spellcasting
  8744 | D:5      | Reached skill level 4 in Invocations
  8937 | D:6      | Noticed Menkaure
  9193 | D:6      | Noticed Dowan
  9220 | D:6      | Killed Dowan
  9273 | D:6      | Reached skill level 1 in Maces & Flails
  9273 | D:6      | Reached XP level 9. HP: 48/55 MP: 0/0
  9273 | D:6      | Learned a level 3 spell: Lesser Beckoning
  9432 | D:6      | Noticed Duvessa
  9442 | D:6      | Killed Duvessa
  9443 | D:6      | Reached skill level 5 in Stealth
  9548 | D:6      | Reached skill level 5 in Invocations
  9553 | D:6      | Killed Menkaure
  9896 | D:6      | Noticed Eustachio
  9925 | D:6      | Killed Eustachio
 10636 | D:7      | Reached XP level 10. HP: 60/60 MP: 0/0
 11046 | D:7      | Reached **** piety under Qazlal
 11537 | D:8      | Noticed Maurice
 11901 | D:8      | Killed Maurice
 12572 | D:8      | Found a bloodstained altar of Trog.
 12574 | D:8      | Found a snail-covered altar of Cheibriados.
 12579 | D:8      | Found an opulent altar of Gozag.
 12588 | D:8      | Found a stormy altar of Qazlal.
 12589 | D:8      | Found a white marble altar of Elyvilon.
 12597 | D:8      | Found a shadowy altar of Dithmenos.
 12598 | D:8      | Found a hide-covered altar of Uskayaw.
 13614 | D:9      | Reached skill level 6 in Invocations
 13893 | D:9      | Reached ***** piety under Qazlal
 13939 | D:9      | Found a staircase to the Orcish Mines.
 14186 | D:9      | Found Leamul's Armour Boutique.
 14306 | D:9      | Noticed Maggie
 14326 | D:9      | Killed Maggie
 14327 | D:9      | Reached XP level 11. HP: 65/65 MP: 0/0
 14327 | D:9      | Learned a level 5 spell: Summon Forest
 14534 | D:10     | Entered Level 10 of the Dungeon
 14965 | D:10     | Reached skill level 7 in Invocations
 15273 | D:10     | Reached skill level 8 in Invocations
 15812 | D:10     | Found a staircase to the Lair.
 16094 | Lair:1   | Entered Level 1 of the Lair of Beasts
 17059 | Lair:2   | Found a staircase to the Snake Pit.
 17070 | Lair:2   | Reached skill level 10 in Spellcasting
 17077 | Lair:2   | Reached skill level 9 in Invocations
 17731 | Lair:2   | Reached XP level 12. HP: 67/70 MP: 0/0
 17763 | Lair:2   | Noticed a boulder beetle
 17816 | Lair:2   | Killed a boulder beetle
 18649 | Lair:2   | Reached skill level 10 in Invocations
 20086 | Lair:3   | You are sucked into a shaft and drop 2 floors!
 20245 | Lair:5   | Reached skill level 11 in Invocations
 20355 | Lair:4   | Noticed a death yak
 20356 | Lair:4   | Noticed a death yak
 20357 | Lair:4   | Noticed a death yak
 20357 | Lair:4   | Noticed a death yak
 20358 | Lair:4   | Noticed a death yak
 20359 | Lair:4   | Noticed a five-headed hydra
 20359 | Lair:4   | Noticed a death yak
 20362 | Lair:4   | Noticed a death yak
 20363 | Lair:4   | Noticed a death yak
 20367 | Lair:4   | Noticed a death yak
 20367 | Lair:4   | Noticed a death yak
 20381 | Lair:4   | Noticed a four-headed hydra
 20791 | Lair:4   | Found a staircase to the Swamp.
 20833 | Lair:4   | Killed a four-headed hydra
 20834 | Lair:4   | Reached XP level 13. HP: 54/75 MP: 0/0
 20834 | Lair:4   | Learned a level 5 spell: Iskenderun's Battlesphere
 21178 | Lair:3   | Identified a scroll of acquirement
 21178 | Lair:3   | Acquired the amulet of Roed {+Blink rF+ Regen+}
 21390 | Lair:3   | Noticed Rupert
 21705 | Lair:3   | Paralysed by Rupert for 2 turns
 21869 | Lair:4   | Reached skill level 12 in Invocations
 21878 | Lair:4   | Killed a five-headed hydra
 21878 | Lair:4   | HP: 5/112 [death yak (20)]
 21878 | Lair:4   | HP: 2/112 [blink frog (3)]
 21880 | Lair:4   | Slain by a death yak

Illustrated notes

Levels and vault maps discovered:
D:1:      minmay_arrival_up_and_down, layout_basic,
          dreamdust_ecumenical_altar_drowned_temple, minmay_misc_feat_enclosed,
          st_stairs_5
D:2:      layout_basic, chequers_serial_rivers_micro_b
D:3:      minmay_chambers_of_threes, layout_loops_ring,
          nicolae_wu_jian_glorious_leap
D:4:      layout_basic, mainiacjoe_overflow_brackets,
          nicolae_overflow_crystal_walls, minmay_bisected, uniq_grinder,
          uniq_edmund
D:5:      layout_loops_ring, mainiacjoe_overflow_24_doors,
          kennysheep_vampire_church, minmay_temple_entry_fiery,
          biasface_ghost_orc_armoury, serial_shops, nicolae_stop_n_shop_1,
          uniq_crazy_yiuf_cottage
D:6:      minmay_chambers_of_fours, layout_rooms, uniq_duvessa, uniq_menkaure,
          uniq_eustachio
D:7:      nicolae_BIG_FREAKIN_CUBE, layout_basic
D:8:      layout_basic, nicolae_overflow_hallway_of_the_gods, uniq_maurice
D:9:      layout_rooms, zombieorc2_lemuel, serial_shops, shop,
          chequers_hall_statues_wall_a, uniq_maggie
D:10:     layout_loops_ring, lair_entry_dummy
Lair:1:   layout_small_grid, grunt_megastairs_3
Lair:2:   layout_cellular_growth, minmay_snake_entry_guardpost_small,
          serial_bayou_lagoon_b
Lair:3:   layout_cave_shapes, lemuel_fruit_fields, uniq_rupert
Lair:4:   layout_loops_ring, skrybe_swamp_entry_bodies,
          nicolae_volcano_entry_s_turn
Lair:5:   layout_cave_pods, slime_altar_2, serial_bayou_shore_b

Skill      XL: |  1  2  3  4  5  6  7  8  9 10 11 12 13 |
---------------+----------------------------------------+-----
Stealth        | 2 3 4 5 |  5.0
Dodging        | 3 4 5 |  5.0
Invocations    | 1 2 3 4 5 6 9 11 12 | 12.2
Spellcasting   | 4 5 6 9 10 11 | 11.9
Axes           | 1 2 |  2.1
Maces & Flails | 1 4 |  4.7

Action                   |  1- 3 |  4- 6 |  7- 9 | 10-12 | 13-15 || total
-------------------------+-------+-------+-------+-------+-------++-------
Melee: Short sword       |    28 |       |       |       |       ||    28
       Hand axe          |     3 |   136 |    67 |       |       ||   206
       Punch             |       |     3 |     6 |    12 |     1 ||    22
       Mace              |       |       |   161 |   591 |    42 ||   794
Throw: Dart              |       |       |       |     1 |       ||     1
 Cast: Freeze            |    58 |    42 |     5 |     3 |     2 ||   110
       Ensorcelled Hiber |       |     1 |     3 |       |       ||     4
       Foxfire           |       |    22 |    33 |    32 |     2 ||    89
       Frozen Ramparts   |       |       |     3 |    16 |     1 ||    20
       Hailstorm         |       |       |     2 |     5 |       ||     7
       Ozocubu's Armour  |       |       |       |     4 |       ||     4
       Summon Forest     |       |       |       |     1 |       ||     1
       Conjure Flame     |       |       |       |     1 |       ||     1
       Lesser Beckoning  |       |       |       |     1 |       ||     1
       Iskenderun's Batt |       |       |       |       |     1 ||     1
Invok: Upheaval          |       |       |       |    10 |       ||    10
Evoke: Wand              |       |       |       |     7 |       ||     7
       Lightning rod     |       |       |       |     5 |       ||     5
  Use: Scroll            |     2 |    12 |     4 |    17 |     6 ||    41
       Potion            |       |       |     1 |     7 |     1 ||     9
 Stab: Sleeping          |       |     1 |       |       |       ||     1
Armor: Robe              |    17 |    69 |    75 |    19 |       ||   180
       Steam dragon scal |       |       |       |   255 |    17 ||   272
Dodge: Dodged            |    46 |   149 |   149 |   475 |    18 ||   837
       Repelled          |       |       |       |     8 |       ||     8
Block: Other             |     3 |    25 |    80 |   434 |    19 ||   561
       Reflection        |       |     1 |       |     4 |       ||     5

Table legend: (Time is in decaauts)
 A = Elapsed time spent in this place.
 B = Non-inter-level travel time spent in this place.
 C = Inter-level travel time spent in this place.
 D = Time resting spent in this place.
 E = Time spent auto-exploring this place.
 F = Levels seen in this place.
 G = Mean time per level.
                   A        B        C        D        E       F      G
               +--------+--------+--------+--------+--------+-----+--------+
         Total |  22484 |  21922 |    562 |   9452 |   8350 |  15 | 1498.9 |
       Dungeon |  16517 |  16072 |    445 |   6550 |   6530 |  10 | 1651.7 |
          Lair |   5967 |   5851 |    116 |   2901 |   1819 |   5 | 1193.4 |
               +--------+--------+--------+--------+--------+-----+--------+

Top non-repeatable levels by time:
  Lair:2: 3263 daAuts
     D:8: 2027 daAuts
     D:5: 2027 daAuts
     D:1: 1947 daAuts
     D:7: 1795 daAuts
     D:4: 1794 daAuts
     D:2: 1724 daAuts
     D:3: 1682 daAuts
    D:10: 1604 daAuts
  Lair:1: 1162 daAuts
     D:6: 1114 daAuts
     D:9: 799 daAuts
  Lair:4: 711 daAuts
  Lair:3: 553 daAuts
  Lair:5: 276 daAuts
